 Dungeon Crawl Stone Soup version 0.32-a0-571-gec57dfcd37 (webtiles) character file.

Game seed: 6928220964921759766

81 horus123 the Cudgeller (level 4, -6/38 HPs)
             Began as a Mountain Dwarf Fighter on Mar 1, 2024.
             Mangled by Sigmund
             ... wielding a +3 scythe of holy wrath
              (9 damage)
             ... on level 3 of the Dungeon.
             The game lasted 00:03:39 (2180 turns).

horus123 the Cudgeller (Mountain Dwarf Fighter)     Turns: 2180, Time: 00:03:39

Health: -6/38      AC: 12    Str: 19    XL:     4   Next: 20%
Magic:  4/4        EV:  7    Int: 10    God:
Gold:   135        SH:  6    Dex:  9    Spells: 3/3 levels left

rFire   . . .        a - +1 flail
rCold   . . .        c - +2 buckler
rNeg    . . .        o - +0 chain mail
rPois   .            f - +2 helmet
rElec   .            (no cloak)
rCorr   .            (no gloves)
SInv    .            (no boots)
Will    .....        (no amulet) Stlth
                     (no ring)
HPRegen 0.26/turn    (no ring)
MPRegen 0.09/turn

%: no passive effects
@: no status effects
A: runic magic, artefact enchanting
a: no special abilities


You were on level 3 of the Dungeon.
You visited 1 branch of the dungeon, and saw 3 of its levels.

You collected 135 gold pieces.

Inventory:

Hand Weapons
 a - a +1 flail (weapon)
Armour
 b - a +0 scale mail
 c - a +2 buckler (worn)
 f - a +2 helmet (worn)
 o - a +0 chain mail (worn)
Jewellery
 l - a ring of fire
Wands
 k - a wand of flame (17)
Scrolls
 g - 3 scrolls of revelation
 j - a scroll of teleportation
 p - a scroll of blinking {unknown}
Potions
 d - a potion of might
 e - 4 potions of curing
 h - 2 potions of attraction {unknown}
 i - 2 potions of ambrosia {unknown}
 n - a potion of invisibility {unknown}


   Skills:
 - Level 3.2 Fighting
 + Level 5.5 Maces & Flails
 - Level 3.2 Armour
 - Level 3.2 Shields


You had 3 spell levels left.
You didn't know any spells.
Your spell library contained the following spells:

 Spells                   Type           Power      Damage    Failure   Level
 Summon Small Mammal      Summ           0%         N/A       63%         1
 Dazzling Flash           Conj/Hex       0%         N/A       94%         3
 Volatile Blastmotes      Fire/Tloc      0%         2d10      94%         3
 Animate Armour           Summ/Erth      0%         N/A       100%        4
 Summon Blazeheart Golem  Fire/Summ      0%         N/A       100%        4
 Starburst                Conj/Fire      0%         6d3       100%        6
 Maxwell's Capacitive Co  Air            0%         ∞         100%        8
 Summon Horrible Things   Summ           0%         N/A       100%        8


Dungeon Overview and Level Annotations

Branches:
Dungeon (3/15)

Altars:

Shops:
D:3 *

Annotations:
D:3 1 runed translucent door, Crazy Yiuf, Sigmund


Innate Abilities, Weirdness & Mutations

Your spellcasting is much less encumbered by armour.
You can use scrolls of enchantment on lesser artefacts.


Message History

Deactivating autopickup; reactivate with Ctrl-A.
Something hits you but does no damage.
You bump into the rock wall.
Something hits you. Something hits you but does no damage.
You miss something.
You feel less confused. Something hits you!
You miss something.
You hear some strange, mumbled words.
A magic dart appears from out of thin air!
The magic dart hits you!
You barely miss something.
You hear some strange, mumbled words.
Something tries to affect you, but you resist.
You hit something. Something hits you but does no damage.
You barely miss something.
You hear some strange, mumbled words.
A magic dart appears from out of thin air!
The magic dart hits you.
You sock something!
You hear some strange, mumbled words.
You are confused.
You bump into the rock wall.
Something hits you.
You completely miss something. You completely miss something.
Something hits you.
You completely miss something. Something hits you!
* * * LOW HITPOINT WARNING * * *
You miss something. Something hits you but does no damage.
You bump into the rock wall.
You feel less confused.
You barely miss something. Something hits you.
* * * LOW HITPOINT WARNING * * *
You miss something. Something hits you but does no damage.
You barely miss something. Something hits you.
* * * LOW HITPOINT WARNING * * *
You closely miss something. Something hits you.
* * * LOW HITPOINT WARNING * * *
You closely miss something. You miss something. Something hits you!
You die...

# #.# #.# #### #.#.# #.#########
#####... #.#.# #.........#
#....... #.#.# #########.#
#.###.## ....# #.# #.# #.# #.#.#
#.# #.# #.# ..#.# #.#####.###.##
.##.################.##..........
...............{@.##............#
)###############.#...........[...
<# ##.###.####.###### .# ..## #.#
#.###### .# .... .. #....... .#
..... ### ######## .# ..... .#
.... .# ....


There were no monsters in sight!

Vanquished Creatures
  An adder (D:3)
  4 ribbon worms
  A dart slug (D:3)
  7 bats
  5 endoplasms
  2 giant cockroaches
  11 hobgoblins
  3 jackals (D:1)
  2 quokkas
  4 ball pythons
  3 frilled lizards
  4 goblins
  5 kobolds
  5 rats (D:1)
57 creatures vanquished.

Notes
Turn   | Place    | Note
-------+----------+-------------------------------------------
     0 | D:1      | horus123 the Mountain Dwarf Fighter began the quest for the
                  | Orb.
     0 | D:1      | Reached XP level 1. HP: 19/19 MP: 1/1
   144 | D:1      | Reached skill level 3 in Maces & Flails
   216 | D:1      | Reached XP level 2. HP: 23/26 MP: 2/2
   426 | D:1      | Got the Omnibus of the Legion
   530 | D:1      | Reached skill level 4 in Maces & Flails
   785 | D:1      | Reached XP level 3. HP: 31/31 MP: 3/3
   803 | D:1      | Found a faded altar of an unknown god.
  1320 | D:2      | Reached skill level 5 in Maces & Flails
  1793 | D:3      | Reached XP level 4. HP: 38/38 MP: 4/4
  1882 | D:3      | Found Kaixargh's General Store.
  2084 | D:3      | Found a runed translucent door.
  2085 | D:3      | Noticed Crazy Yiuf
  2155 | D:3      | Noticed Sigmund
  2180 | D:3      | Mangled by Sigmund

Illustrated notes

Levels and vault maps discovered:
D:1:      erik_arrival_cave_to_civilisation [erik_arrival_cave_to_hall],
          layout_basic, shapermc_ecumenical_altar_venn
D:2:      layout_basic, kennysheep_decorative_pillar, serial_bayou_pond_d,
          st_stairs_7
D:3:      layout_loops_ring, serial_shops, shop, uniq_crazy_yiuf_cottage,
          uniq_sigmund

Skill      XL: |  1  2  3 |
---------------+----------+-----
Maces & Flails | 3 4 5 |  5.5
Fighting       | |  3.2
Armour         | |  3.2
Shields        | |  3.2

Action                     |  1- 3 |  4- 6 || total
---------------------------+-------+-------++-------
  Melee: Flail             |   188 |    37 ||   225
    Use: Scroll            |     5 |     2 ||     7
 Armour: Scale mail        |   134 |     4 ||   138
         Chain mail        |       |    24 ||    24
  Dodge: Dodged            |   106 |     5 ||   111
  Block: Buckler           |    59 |     7 ||    66

Table legend: (Time is in decaauts)
 A = Elapsed time spent in this place.
 B = Non-inter-level travel time spent in this place.
 C = Inter-level travel time spent in this place.
 D = Time resting spent in this place.
 E = Time spent auto-exploring this place.
 F = Levels seen in this place.
 G = Mean time per level.
                   A        B        C        D        E       F      G
               +--------+--------+--------+--------+--------+-----+--------+
         Total |   2233 |   2196 |     37 |    154 |   1489 |   3 |  744.3 |
       Dungeon |   2233 |   2196 |     37 |    154 |   1489 |   3 |  744.3 |
               +--------+--------+--------+--------+--------+-----+--------+

Top non-repeatable levels by time:
     D:1: 996 daAuts
     D:2: 763 daAuts
     D:3: 473 daAuts
